[Event "Titled Tuesday Blitz July 18 Early 2023"]
[White "Garakov, Mikhael"]
[Black "Komov, Roman"]
[WhiteFideId "4169034"]
[BlackFideId "24175714"]
[WhiteElo "2522"]
[BlackElo "2643"]
[Result "1-0"]
[Round "6"]
[TimeControl "180+2"]
[Date "2023.07.18"]
[WhiteClock "0:00:45"]
[BlackClock "0:00:10"]
[Board "72"]

1. e4 c5 2. Nf3 d6 3. d4 cxd4 4. Nxd4 Nf6 5. Nc3 Nc6 6. Bc4 Qb6 7. Nb3 e6 8. Be3 Qc7 9. Be2 Be7 10. O-O a6 11. f4 b5 12. a3 Bb7 13. Bf3 O-O 14. Qe2 Rac8 15. g4 Nd7 16. Rad1 Nc5 17. g5 Nxb3 18. cxb3 Rfe8 19. Qf2 Bf8 20. h4 b4 21. Bb6 Qb8 22. axb4 Nxb4 23. h5 d5 24. e5 d4 25. Bxd4 Bxf3 26. Qxf3 Red8 27. Be3 Rxd1 28. Rxd1 Nc2 29. Bf2 Qxb3 30. g6 fxg6 31. hxg6 hxg6 32. Qg4 Nb4 33. Rd7 Nc6 34. Ne4 Qc4 35. Nf6+ 1-0


[Site "https://www.chess.com"]

[Event "Titled Tuesday Blitz July 18 Early 2023"]
[White "MFatigue"]
[Black "Schnaider, Ilan"]
[BlackFideId "169013"]
[WhiteElo "2521"]
[BlackElo "2631"]
[Result "0-1"]
[Round "6"]
[TimeControl "180+2"]
[Date "2023.07.18"]
[WhiteClock "0:00:07"]
[BlackClock "0:00:03"]
[Board "73"]

1. e4 c5 2. a3 d5 3. exd5 Qxd5 4. Nc3 Qd8 5. Nf3 Nf6 6. d4 cxd4 7. Qxd4 Nc6 8. Qxd8+ Kxd8 9. Be3 Bg4 10. Ng5 Bh5 11. h3 h6 12. Nge4 Bg6 13. O-O-O+ Kc8 14. Nc5 e6 15. Bb5 Kc7 16. Rd2 a6 17. Be2 Be7 18. Rhd1 Rhd8 19. Bf3 b6 20. N5a4 Rab8 21. Bxc6 Kxc6 22. Rxd8 Bxd8 23. Bf4 Bc7 24. Bxc7 Kxc7 25. b4 Kb7 26. Kb2 Rc8 27. Kb3 h5 28. Rd6 Rc6 29. Rd8 Kc7 30. Rd2 Nd7 31. f4 b5 32. Nc5 Nxc5+ 33. bxc5 Rxc5 34. Rd4 Bf5 35. Kb4 Rc6 36. Kb3 f6 37. a4 bxa4+ 38. Rxa4 Kb6 39. Rb4+ Ka7 40. Kb2 g5 41. g3 Bxh3 42. fxg5 fxg5 43. Ne2 e5 44. c3 Bf5 45. Ng1 Rb6 46. Nf3 e4 47. Nxg5 e3 48. Nf3 Bg4 49. Ne1 e2 50. Kc2 Rc6 51. Kd2 Rd6+ 52. Rd4 Rxd4+ 53. cxd4 a5 54. Nd3 Kb6 55. Nb2 Kc6 56. Nc4 a4 57. d5+ Kc5 58. Nb6 Kxb6 0-1


[Site "https://www.chess.com"]

[Event "Titled Tuesday Blitz July 18 Early 2023"]
[White "LeoLV10"]
[Black "Florescu, Codrut-Constantin"]
[BlackFideId "1202200"]
[WhiteElo "2520"]
[BlackElo "2631"]
[Result "1-0"]
[Round "6"]
[TimeControl "180+2"]
[Date "2023.07.18"]
[WhiteClock "0:00:15"]
[BlackClock "0:00:28"]
[Board "74"]

1. e4 c5 2. Nf3 e6 3. d4 cxd4 4. Nxd4 Nf6 5. Nc3 d6 6. Be3 a6 7. g4 h6 8. h4 e5 9. Nf5 Be6 10. Rg1 g6 11. Nxh6 d5 12. exd5 Nxd5 13. Nxd5 Bxd5 14. g5 Nc6 15. a3 Bg7 16. c4 Be6 17. Qa4 Qa5+ 18. Qxa5 Nxa5 19. Rc1 Rc8 20. c5 Nb3 21. Rc2 Nxc5 22. Rxc5 Rd8 23. Bg2 e4 24. Bxe4 Bxb2 25. Bxb7 Bxa3 26. Bc6+ Kf8 27. Rc3 Bb4 28. Bc5+ Bxc5 29. Rxc5 Rc8 30. Ke2 Ke7 31. Rgc1 Kd6 32. R5c3 Rc7 33. Bf3 Rxc3 34. Rxc3 a5 35. Ra3 Bc4+ 36. Ke3 Re8+ 37. Kd4 Be6 38. Rxa5 Rb8 39. Ra6+ Ke7 40. Ke3 Rb3+ 41. Kf4 Rb4+ 42. Kg3 Rb3 43. Ra7+ Kd6 44. Kg2 Rb4 45. Nxf7+ Kc5 46. Re7 Ba2 47. Re5+ Kb6 48. Nh8 Bb1 49. Re6+ Kc7 50. Nxg6 Bf5 51. Rf6 Bd3 52. Ne5 Bb5 53. Rf7+ Kd6 54. Ng4 Bd7 55. Rf6+ Ke7 56. Ne5 Be6 57. Nc6+ 1-0


[Site "https://www.chess.com"]

[Event "Titled Tuesday Blitz July 18 Early 2023"]
[White "Mendez Fortes, Eduardo Jesus"]
[Black "Droin, Augustin"]
[WhiteFideId "3502376"]
[BlackFideId "45105987"]
[WhiteElo "2629"]
[BlackElo "2520"]
[Result "1-0"]
[Round "6"]
[TimeControl "180+2"]
[Date "2023.07.18"]
[WhiteClock "0:00:19"]
[BlackClock "0:02:17"]
[Board "75"]

1. e4 c5 2. Nf3 Nc6 3. d4 cxd4 4. Nxd4 Nf6 5. Nc3 h5 6. Bg5 Qa5 7. Bxf6 gxf6 8. Nb3 Qe5 9. Be2 h4 10. h3 e6 11. Qd3 Bh6 12. O-O a6 13. Rad1 Kf8 14. Qd6+ Qxd6 15. Rxd6 Ke7 16. Rdd1 b6 17. f4 Rb8 18. Bf3 Rh7 19. f5 Ne5 20. Be2 Be3+ 21. Kh1 Bb7 22. Nd4 Rhh8 23. Nf3 Nxf3 24. Bxf3 Rhc8 25. Rd3 Bf4 26. Rfd1 Bc7 27. Rxd7+ Kf8 28. fxe6 fxe6 29. Bh5 Be5 30. Rf7+ Kg8 31. Rdd7 Bc6 32. Rg7+ Kh8 33. Rh7+ Kg8 34. Rdg7+ Kf8 35. Bf7 f5 36. Rg6 Bd7 37. Bxe6 Bxe6 38. Rxe6 Bxc3 39. bxc3 fxe4 40. Rxe4 Rd8 41. Rexh4 Rd1+ 42. Kh2 Rbd8 43. Rb7 Kg8 44. Rxb6 R8d2 45. Rxa6 Rxc2 46. c4 Rdd2 47. Rg4+ Kh8 48. Rh6# 1-0


[Site "https://www.chess.com"]

[Event "Titled Tuesday Blitz July 18 Early 2023"]
[White "Mathieu, Phileas"]
[Black "Suleymanli, Suleyman"]
[WhiteFideId "36048410"]
[BlackFideId "13416375"]
[WhiteElo "2514"]
[BlackElo "2628"]
[Result "0-1"]
[Round "6"]
[TimeControl "180+2"]
[Date "2023.07.18"]
[WhiteClock "0:00:02"]
[BlackClock "0:00:06"]
[Board "76"]

1. e4 c5 2. Nc3 g6 3. d4 Bg7 4. dxc5 Qa5 5. Qd3 Nc6 6. Be3 Nf6 7. Ne2 O-O 8. f3 b6 9. cxb6 Ba6 10. Qd2 axb6 11. Nd4 Ne5 12. Bxa6 Qxa6 13. Qe2 Nc4 14. b3 Qa5 15. Qxc4 Rfc8 16. b4 Qa3 17. Qb3 Rxc3 18. Qxa3 Rcxa3 19. Ke2 Rxa2 20. Rxa2 Rxa2 21. Kd3 d5 22. e5 Nd7 23. f4 e6 24. Nb3 f6 25. exf6 Bxf6 26. Bd4 Bxd4 27. Nxd4 e5 28. fxe5 Nxe5+ 29. Kc3 Ra3+ 30. Nb3 Nc6 31. Rd1 Ra2 32. b5 Ne7 33. Re1 Kf7 34. Rf1+ Ke8 35. Nd4 Ra3+ 36. Kd2 Ra4 37. Kd3 Ra3+ 38. Kd2 Ra4 39. Kd3 Ra3+ 40. Nb3 Nf5 41. g4 Nd6 42. Kd4 Ra4+ 43. Kxd5 Nxb5 44. h3 Nc3+ 45. Kc6 Rc4+ 46. Kxb6 Nd5+ 47. Kb5 Rxc2 48. Nd4 Rc3 49. Rh1 Kd7 50. h4 Kd6 51. h5 Rc5+ 52. Ka6 Rc4 53. hxg6 hxg6 54. Nf5+ Kc6 55. Ka5 Rxg4 56. Nh6 Rf4 57. Rc1+ Kd6 58. Rg1 Ne7 59. Ng8 Nxg8 60. Rxg6+ Nf6 61. Kb5 Ke5 62. Rh6 Nd5 63. Rh5+ Kd4 64. Kc6 Rf6+ 65. Kb5 Rb6+ 66. Ka5 Rb1 67. Rh8 Nc7 68. Rc8 Ne6 69. Re8 Nc5 70. Rh8 Nd7 71. Rh4+ Kc5 72. Rh5+ Kd6 73. Rh6+ Kd5 74. Rh5+ Ne5 75. Ka4 Kc4 76. Ka5 Nc6+ 77. Ka6 Nd4 78. Ka7 Ne6 79. Ka6 Nc7+ 80. Ka7 Nd5 81. Ka6 Kc5 82. Ka7 Kc6 83. Rh6+ Kc5 84. Rh5 Rb2 85. Ka6 Rb6+ 86. Ka7 Rg6 87. Rf5 Rg7+ 88. Ka6 Kc6 89. Rh5 Rg6 90. Ka5 Kc5 91. Ka4 Rg3 92. Rh8 Nb6+ 93. Ka5 Ra3# 0-1


[Site "https://www.chess.com"]

[Event "Titled Tuesday Blitz July 18 Early 2023"]
[White "Frolyanov, Dmitry"]
[Black "Postlmayer, Jakob"]
[WhiteFideId "4151976"]
[BlackFideId "1643622"]
[WhiteElo "2617"]
[BlackElo "2516"]
[Result "0-1"]
[Round "6"]
[TimeControl "180+2"]
[Date "2023.07.18"]
[WhiteClock "0:00:02"]
[BlackClock "0:00:31"]
[Board "77"]

1. d4 Nf6 2. c4 g6 3. Nc3 Bg7 4. e4 d6 5. Be2 O-O 6. Be3 e5 7. d5 Na6 8. h4 Nc5 9. Qc2 c6 10. h5 cxd5 11. cxd5 Qa5 12. h6 Bh8 13. f3 Bd7 14. Nh3 Rfc8 15. Nf2 b5 16. Bxc5 Rxc5 17. Qd2 b4 18. Ncd1 Rac8 19. Ne3 Qd8 20. b3 a5 21. Bc4 Nh5 22. Nd3 R5c7 23. Qf2 Nf4 24. Rd1 Bf6 25. g3 Nxd3+ 26. Rxd3 a4 27. Kf1 Bg5 28. Kg2 axb3 29. axb3 Ra7 30. Rd2 Rca8 31. Rc2 Qb6 32. Ng4 Qxf2+ 33. Nxf2 Ra2 34. Rxa2 Rxa2 35. Rh2 Be3 36. Kf1 f5 37. Rg2 Bxh6 38. Nd3 Rxg2 39. Kxg2 Bd2 40. Nf2 Kf7 41. Nd3 Kf6 42. Nf2 Bc3 43. g4 Bd4 44. exf5 Bxf2 45. Kxf2 gxf5 46. Bd3 fxg4 47. Bxh7 gxf3 48. Kxf3 Bf5 0-1


[Site "https://www.chess.com"]

[Event "Titled Tuesday Blitz July 18 Early 2023"]
[White "Fiorito, Francisco"]
[Black "Tomaszewski, Kacper"]
[WhiteFideId "180165"]
[BlackFideId "1127373"]
[WhiteElo "2608"]
[BlackElo "2484"]
[Result "0-1"]
[Round "6"]
[TimeControl "180+2"]
[Date "2023.07.18"]
[WhiteClock "0:00:03"]
[BlackClock "0:01:03"]
[Board "78"]

1. d4 Nf6 2. Nc3 d6 3. e4 e5 4. dxe5 dxe5 5. Qxd8+ Kxd8 6. Bc4 Be6 7. Bxe6 fxe6 8. f3 Nbd7 9. Be3 Bd6 10. O-O-O Ke7 11. Nh3 Rhb8 12. a4 a6 13. Nf2 b5 14. Nd3 c5 15. Rd2 c4 16. Nf2 Bb4 17. axb5 axb5 18. Kd1 Bxc3 19. bxc3 Ra3 20. Ke2 Rxc3 21. Ra1 b4 22. Ra7 Ke8 23. Ra6 b3 24. cxb3 cxb3 25. Nd1 Rc2 26. Nb2 Rxd2+ 27. Kxd2 Rc8 28. Kd3 Rc2 29. Nc4 Rxc4 30. Kxc4 b2 31. Rxe6+ Kf7 32. Rxf6+ gxf6 0-1


[Site "https://www.chess.com"]

[Event "Titled Tuesday Blitz July 18 Early 2023"]
[White "Besedes, Danilo"]
[Black "NicolaiMaxime"]
[WhiteFideId "946796"]
[WhiteElo "2477"]
[BlackElo "2607"]
[Result "1-0"]
[Round "6"]
[TimeControl "180+2"]
[Date "2023.07.18"]
[WhiteClock "0:01:46"]
[BlackClock "0:01:23"]
[Board "79"]

1. b3 e5 2. Bb2 Nc6 3. e3 Nf6 4. Bb5 d6 5. d4 exd4 6. exd4 Bd7 7. Nf3 Be7 8. O-O d5 9. h3 O-O 10. Re1 Bd6 11. Nbd2 a6 12. Bf1 Re8 13. Ne5 Bf5 14. a3 Ne4 15. Ndf3 f6 16. Nd3 Qd7 17. c4 Ne7 18. c5 Nxf2 19. Kxf2 Bxd3 20. Bxd3 Bf4 21. Bc1 Bxc1 22. Rxc1 c6 23. Qc2 g6 24. Re2 Kg7 25. Rce1 Ng8 26. Rxe8 Rxe8 27. Rxe8 Qxe8 28. Qe2 Qb8 29. b4 f5 30. Qe5+ Qxe5 31. Nxe5 Nf6 32. a4 Kf8 33. b5 axb5 34. axb5 cxb5 35. Bxb5 Ke7 36. Ke3 Ne4 37. Bd3 Ng5 38. h4 Ne6 39. Bb1 f4+ 40. Kd3 g5 41. Ba2 gxh4 42. Bxd5 Ng5 43. Bxb7 h3 44. gxh3 Nxh3 45. d5 Ng5 46. Nf3 Nf7 47. Ke4 Nd8 48. d6+ Kd7 49. Bd5 Kc8 50. Kxf4 Kd7 51. Ne5+ Kc8 52. c6 h5 53. c7 h4 54. cxd8=Q+ Kxd8 55. Bc6 h3 56. Nf7+ Kc8 57. d7+ Kc7 58. d8=Q+ Kxc6 59. Qd6+ Kb5 60. Qd5+ Kb4 61. Ne5 Kc3 62. Qc4+ Kb2 63. Nd3+ Ka3 64. Qb4+ Ka2 65. Qb2# 1-0


[Site "https://www.chess.com"]

[Event "Titled Tuesday Blitz July 18 Early 2023"]
[White "Shukhman, Anna"]
[Black "Sathish, Pranav"]
[WhiteFideId "54180058"]
[BlackFideId "30967538"]
[WhiteElo "2606"]
[BlackElo "2469"]
[Result "1/2-1/2"]
[Round "6"]
[TimeControl "180+2"]
[Date "2023.07.18"]
[WhiteClock "0:00:21"]
[BlackClock "0:00:21"]
[Board "80"]

1. e4 c5 2. Nf3 Nc6 3. Bb5 g6 4. O-O Bg7 5. c3 Nf6 6. Re1 O-O 7. h3 a6 8. Bxc6 dxc6 9. d4 cxd4 10. cxd4 c5 11. d5 e6 12. Nc3 exd5 13. e5 Ne8 14. Bg5 f6 15. exf6 Nxf6 16. Bxf6 Bxf6 17. Nxd5 Bxb2 18. Qb3 Bxa1 19. Nb6+ Rf7 20. Rxa1 c4 21. Qe3 Rb8 22. Ng5 Qf6 23. Rd1 Bf5 24. Nxf7 Qxf7 25. Qf4 Rf8 26. Nxc4 Be6 27. Qxf7+ Rxf7 28. Rd8+ Kg7 29. Nd6 Re7 30. a3 Kf6 31. f4 Rd7 32. Rxd7 Bxd7 33. Nxb7 Ke7 34. Nc5 Bb5 35. a4 Bc4 36. Kf2 Kd6 37. Ne4+ Kc6 38. Ke3 Bb3 39. a5 Kb5 40. Nf6 h5 41. g4 hxg4 42. hxg4 Kxa5 43. Kd2 Kb6 44. f5 gxf5 45. gxf5 Bf7 46. Nd7+ Kc7 47. Ne5 Be8 48. f6 Kd6 49. f7 Bxf7 50. Nxf7+ Ke7 51. Ng5 a5 52. Nf3 a4 53. Nd4 a3 54. Nc2 a2 55. Kc3 a1=Q+ 56. Nxa1 1/2-1/2


[Site "https://www.chess.com"]

[Event "Titled Tuesday Blitz July 18 Early 2023"]
[White "Golubev, Mikhail"]
[Black "Arnold, Ken"]
[WhiteFideId "14100983"]
[BlackFideId "2056836"]
[WhiteElo "2605"]
[BlackElo "2458"]
[Result "1-0"]
[Round "6"]
[TimeControl "180+2"]
[Date "2023.07.18"]
[WhiteClock "0:00:03"]
[BlackClock "0:00:17"]
[Board "81"]

1. e4 c6 2. Nc3 d5 3. Nf3 dxe4 4. Nxe4 Nf6 5. Qe2 Nxe4 6. Qxe4 Nd7 7. Bc4 e6 8. d4 Nf6 9. Qe2 Be7 10. O-O O-O 11. Bg5 h6 12. Bh4 Nd5 13. Bxe7 Qxe7 14. Bb3 b6 15. Ne5 Bb7 16. c4 Nf6 17. Qe3 Rfd8 18. c5 bxc5 19. dxc5 Nd5 20. Qd4 Qf6 21. Rad1 a5 22. f4 Nb4 23. Qe3 Ba6 24. Bc4 Nd5 25. Qd4 Bxc4 26. Nxc4 Nxf4 27. Qxf6 gxf6 28. Rxd8+ Rxd8 29. Rxf4 Rd1+ 30. Rf1 Rd4 31. Rc1 e5 32. a3 a4 33. Na5 Rd2 34. Nxc6 Rxb2 35. Ne7+ Kf8 36. c6 Kxe7 37. c7 1-0


[Site "https://www.chess.com"]

[Event "Titled Tuesday Blitz July 18 Early 2023"]
[White "Sanchez Alvares, Kelvin Antonio"]
[Black "Herman, Daniel"]
[WhiteFideId "3906680"]
[BlackFideId "30935008"]
[WhiteElo "2605"]
[BlackElo "2444"]
[Result "1-0"]
[Round "6"]
[TimeControl "180+2"]
[Date "2023.07.18"]
[WhiteClock "0:01:00"]
[BlackClock "0:00:00"]
[Board "82"]

1. e4 e6 2. d4 d5 3. Nc3 Bb4 4. Ne2 dxe4 5. a3 Bxc3+ 6. Nxc3 f5 7. Qh5+ g6 8. Qh3 Nc6 9. Bf4 Qxd4 10. Nb5 Qxb2 11. Nxc7+ Kf7 12. Rd1 e5 13. Bc4+ Kg7 14. Bd2 f4 15. Qh4 Qxc2 16. Rc1 Qa4 17. Nxa8 Nf6 18. Nc7 h6 19. Ne6+ Bxe6 20. Bxe6 g5 21. Qh3 Nd4 22. O-O Ne2+ 23. Kh1 Nxc1 24. Rxc1 Ne8 25. Bd7 Nd6 26. Bxa4 1-0


[Site "https://www.chess.com"]

[Event "Titled Tuesday Blitz July 18 Early 2023"]
[White "Karttunen, Mika"]
[Black "Devaev, Alexander"]
[WhiteFideId "502081"]
[BlackFideId "4169395"]
[WhiteElo "2604"]
[BlackElo "2444"]
[Result "1-0"]
[Round "6"]
[TimeControl "180+2"]
[Date "2023.07.18"]
[WhiteClock "0:00:04"]
[BlackClock "0:00:00"]
[Board "83"]

1. d4 Nf6 2. Bg5 Ne4 3. Bf4 c5 4. d5 d6 5. f3 Nf6 6. e4 a6 7. a4 g6 8. Na3 Nbd7 9. Nc4 Bg7 10. a5 Nh5 11. Bg5 h6 12. Bh4 Ne5 13. Nb6 Rb8 14. g4 Nf6 15. Bg3 h5 16. g5 Nh7 17. f4 Nd7 18. Nxc8 Qxc8 19. c3 O-O 20. Bh3 Qc7 21. Qa4 b5 22. axb6 Nxb6 23. Qc6 Qa7 24. Nf3 Rfd8 25. Nd2 Nf8 26. O-O Nfd7 27. Bxd7 Rxd7 28. e5 dxe5 29. d6 Rxd6 30. Qg2 exf4 31. Bxf4 Rd7 32. Bxb8 Qxb8 33. Ne4 Nc4 34. Rae1 Qc7 35. Kh1 Ne5 36. Rd1 c4 37. Rxd7 Qxd7 38. Nc5 Qb5 39. Qd5 e6 40. Qa8+ Kh7 41. Ne4 Qxb2 42. Nf6+ Bxf6 43. gxf6 Qe2 44. Qg2 Ng4 45. Qxe2 1-0


[Site "https://www.chess.com"]

[Event "Titled Tuesday Blitz July 18 Early 2023"]
[White "Leon Oquendo, Jorge"]
[Black "Todorovic, Bojan"]
[WhiteFideId "3514803"]
[BlackFideId "917087"]
[WhiteElo "2603"]
[BlackElo "2437"]
[Result "1-0"]
[Round "6"]
[TimeControl "180+2"]
[Date "2023.07.18"]
[WhiteClock "0:01:35"]
[BlackClock "0:01:38"]
[Board "84"]

1. d4 g6 2. c4 Bg7 3. Nc3 d6 4. e4 Nf6 5. Be2 O-O 6. Be3 Nc6 7. d5 Ne5 8. h3 e6 9. f4 Ned7 10. dxe6 fxe6 11. Nf3 b6 12. O-O Bb7 13. Qd3 Nc5 14. Bxc5 dxc5 15. Ng5 Qe7 16. e5 Nh5 17. Bxh5 h6 18. Bf3 Bxf3 19. Nxf3 Rxf4 20. Qxg6 Rxc4 21. Ne4 Kh8 22. Nf6 Bxf6 23. exf6 Qh7 24. Ne5 Qxg6 25. Nxg6+ Kh7 26. f7 Kxg6 27. f8=Q Rxf8 28. Rxf8 Rc2 29. Rf2 Rc4 30. Re1 1-0


[Site "https://www.chess.com"]

[Event "Titled Tuesday Blitz July 18 Early 2023"]
[White "Goldin, Roman"]
[Black "Altman, Joshua"]
[WhiteFideId "2803860"]
[BlackFideId "426210"]
[WhiteElo "2437"]
[BlackElo "2603"]
[Result "1-0"]
[Round "6"]
[TimeControl "180+2"]
[Date "2023.07.18"]
[WhiteClock "0:00:02"]
[BlackClock "0:00:00"]
[Board "85"]

1. e4 Nc6 2. Nf3 d6 3. d4 Nf6 4. Nc3 g6 5. h3 Bg7 6. g3 O-O 7. Bg2 e5 8. Be3 Re8 9. O-O exd4 10. Nxd4 Nxd4 11. Bxd4 Be6 12. Re1 Qd7 13. Kh2 Rad8 14. Qd2 a6 15. Rad1 Qc8 16. a4 c5 17. Be3 Bd7 18. Bf4 Bc6 19. Bxd6 b5 20. axb5 axb5 21. e5 Bxg2 22. Kxg2 Qc6+ 23. Kg1 b4 24. exf6 bxc3 25. Rxe8+ Qxe8 26. Qxc3 Bf8 27. Qxc5 Qe6 28. b4 Bxd6 29. Qd4 Rd7 30. c4 Rd8 31. c5 Bc7 32. Qxd8+ Bxd8 33. Rxd8+ 1-0


[Site "https://www.chess.com"]

[Event "Titled Tuesday Blitz July 18 Early 2023"]
[White "Gabdushev, Ruslan"]
[Black "Arat, Ufuk Sezen"]
[WhiteFideId "4137833"]
[BlackFideId "6309089"]
[WhiteElo "2430"]
[BlackElo "2597"]
[Result "0-1"]
[Round "6"]
[TimeControl "180+2"]
[Date "2023.07.18"]
[WhiteClock "0:01:31"]
[BlackClock "0:01:41"]
[Board "86"]

1. g3 d5 2. Bg2 c6 3. d3 Nf6 4. Nf3 Bg4 5. O-O Nbd7 6. h3 Bxf3 7. Bxf3 e5 8. Bg2 Be7 9. c4 d4 10. e3 Nc5 11. b4 Ne6 12. Qb3 a5 13. bxa5 Nc5 14. Qc2 O-O 15. Rd1 Qxa5 16. exd4 exd4 17. Nd2 Qc3 18. Qxc3 dxc3 19. Nf1 Nb3 20. Be3 Nxa1 21. Rxa1 Rfd8 22. d4 Ba3 0-1


[Site "https://www.chess.com"]

[Event "Titled Tuesday Blitz July 18 Early 2023"]
[White "Skliarov, Viktor"]
[Black "Garsky, Vladyslav"]
[WhiteFideId "14106736"]
[BlackFideId "34100270"]
[WhiteElo "2597"]
[BlackElo "2425"]
[Result "1/2-1/2"]
[Round "6"]
[TimeControl "180+2"]
[Date "2023.07.18"]
[WhiteClock "0:00:32"]
[BlackClock "0:01:41"]
[Board "87"]

1. e4 c6 2. d4 d5 3. e5 c5 4. dxc5 e6 5. a3 Bxc5 6. b4 Be7 7. Qg4 Kf8 8. Nf3 f6 9. Bd3 Nc6 10. Bb2 Nh6 11. Qf4 Nf7 12. O-O fxe5 13. Nxe5 Nxe5 14. Bxe5 Bf6 15. Bxf6 Qxf6 16. Qxf6 gxf6 17. Nd2 e5 18. c4 d4 19. f4 Ke7 20. fxe5 fxe5 21. Rae1 Be6 22. Ne4 b6 23. c5 Rac8 24. Rxf7+ Bxf7 25. Nd6 bxc5 26. Nxc8+ Rxc8 27. Rxe5+ Kd6 28. Rxc5 Rxc5 29. bxc5+ Kxc5 30. Bxh7 Kc4 31. Kf1 d3 32. Ke1 Kc3 33. Bxd3 Kxd3 34. Kd1 Kc3 35. Kc1 1/2-1/2


[Site "https://www.chess.com"]

[Event "Titled Tuesday Blitz July 18 Early 2023"]
[White "Al-Tarboush, Ward"]
[Black "Mazurkiewicz, Michal"]
[WhiteFideId "7601450"]
[BlackFideId "1124943"]
[WhiteElo "2595"]
[BlackElo "2425"]
[Result "1-0"]
[Round "6"]
[TimeControl "180+2"]
[Date "2023.07.18"]
[WhiteClock "0:00:06"]
[BlackClock "0:00:04"]
[Board "88"]

1. e4 d6 2. d4 Nf6 3. Nc3 c6 4. Nf3 Bg4 5. Be2 e6 6. O-O d5 7. exd5 cxd5 8. h3 Bh5 9. g4 Bg6 10. Ne5 Nc6 11. f4 Be4 12. g5 Nd7 13. Nxc6 bxc6 14. Nxe4 dxe4 15. c3 c5 16. Be3 cxd4 17. Bxd4 Bc5 18. Bb5 Bxd4+ 19. Qxd4 Qc7 20. Rad1 O-O-O 21. Bxd7+ Rxd7 22. Qxe4 Qb6+ 23. Kh1 Rhd8 24. Rxd7 Rxd7 25. Qe2 Qc6+ 26. Qg2 Kc7 27. Qxc6+ Kxc6 28. Kg2 Kc5 29. Kf3 Kc4 30. Ke2 Rd3 31. Rf3 Rd5 32. b3+ Kc5 33. h4 e5 34. Rd3 exf4 35. Rxd5+ Kxd5 36. Kf3 Ke5 37. c4 a5 38. a3 Kd4 39. Kxf4 Kc3 40. c5 Kxb3 41. c6 Kxa3 42. c7 a4 43. c8=Q Kb2 44. Qb7+ Ka2 45. Qxf7+ Kb2 46. Qxg7+ 1-0


[Site "https://www.chess.com"]

[Event "Titled Tuesday Blitz July 18 Early 2023"]
[White "Colas, Joshua"]
[Black "Melikhov, Evgeny V."]
[WhiteFideId "2044447"]
[BlackFideId "4122046"]
[WhiteElo "2591"]
[BlackElo "2420"]
[Result "1-0"]
[Round "6"]
[TimeControl "180+2"]
[Date "2023.07.18"]
[WhiteClock "0:01:09"]
[BlackClock "0:00:02"]
[Board "89"]

1. d4 Nf6 2. Nc3 d5 3. Bf4 c5 4. e3 cxd4 5. exd4 a6 6. Nf3 Bg4 7. Be2 Nc6 8. Ne5 Bxe2 9. Nxe2 Rc8 10. Nxc6 Rxc6 11. c3 e6 12. O-O h6 13. a4 Bd6 14. a5 O-O 15. f3 Bxf4 16. Nxf4 b5 17. Nd3 Qc7 18. Nc5 Nd7 19. b4 Nxc5 20. dxc5 Rd8 21. f4 e5 22. fxe5 Qxe5 23. Qd4 Qg5 24. Rae1 Rg6 25. g3 Rd7 26. Re5 Qg4 27. Rxd5 Rxd5 28. Qxd5 Qe2 29. Qxf7+ Kh7 30. Qf3 Qe5 31. Qd3 Qe6 32. Rf4 Kh8 33. Rf8+ Kh7 34. Rd8 1-0


[Site "https://www.chess.com"]

[Event "Titled Tuesday Blitz July 18 Early 2023"]
[White "Garcia Blanco, Omar"]
[Black "Manukian, Artak"]
[WhiteFideId "2287153"]
[BlackFideId "13301373"]
[WhiteElo "2588"]
[BlackElo "2418"]
[Result "1-0"]
[Round "6"]
[TimeControl "180+2"]
[Date "2023.07.18"]
[WhiteClock "0:00:06"]
[BlackClock "0:00:00"]
[Board "90"]

1. e4 c6 2. d4 d5 3. exd5 cxd5 4. Bd3 Nc6 5. c3 e5 6. dxe5 Nxe5 7. Nf3 Nxd3+ 8. Qxd3 Nf6 9. O-O Be7 10. Be3 O-O 11. Nbd2 Bg4 12. Rfe1 Re8 13. Bd4 Bh5 14. Qb5 Qd7 15. Qxd7 Nxd7 16. Ne5 Nf6 17. Nd3 Bd6 18. f3 Bg6 19. Ne5 Bxe5 20. Bxe5 Nd7 21. Bd4 b6 22. Nb3 f6 23. Kf2 Rxe1 24. Rxe1 Re8 25. Rd1 Bc2 26. Rd2 Bxb3 27. axb3 Rd8 28. b4 Kf7 29. b3 Nf8 30. g4 Ne6 31. Be3 g5 32. Ke2 Ke7 33. Kd3 Kd6 34. Ra2 Rd7 35. Bd4 Nf4+ 36. Ke3 Re7+ 37. Kf2 Rf7 38. Kg3 Ke6 39. h4 h6 40. Be3 Ng6 41. h5 Ne5 42. Bd4 Nc6 43. Bf2 Re7 44. b5 Nd8 45. Rd2 Nf7 46. f4 Nd6 47. Kf3 Nxb5 48. c4 dxc4 49. bxc4 Nd6 50. f5+ Kd7 51. Bg3 Re5 52. Bxe5 fxe5 53. Ke3 Ke7 54. Kd3 a5 55. Rb2 Nc8 56. Rb5 Kd6 57. Rd5+ Kc6 58. Rxe5 Nd6 59. f6 a4 60. Kc3 a3 61. Re7 1-0


[Site "https://www.chess.com"]

[Event "Titled Tuesday Blitz July 18 Early 2023"]
[White "Bazilius, Augustinas"]
[Black "Krstulovic, Alex"]
[WhiteFideId "12832251"]
[BlackFideId "760056"]
[WhiteElo "2416"]
[BlackElo "2587"]
[Result "0-1"]
[Round "6"]
[TimeControl "180+2"]
[Date "2023.07.18"]
[WhiteClock "0:00:03"]
[BlackClock "0:00:09"]
[Board "91"]

1. d4 Na6 2. c4 e5 3. dxe5 d6 4. exd6 Bxd6 5. Nf3 Nf6 6. e3 Bf5 7. Nc3 Qe7 8. Nd5 Nxd5 9. cxd5 Nb4 10. Nd4 Bg6 11. Bb5+ c6 12. dxc6 O-O 13. O-O a6 14. cxb7 Qxb7 15. Be2 Rad8 16. Bd2 Qb8 17. Bxb4 Qxb4 18. Qb3 Qc5 19. Qc4 Qe5 20. Nf3 Qxb2 21. Qxa6 Be4 22. Nd4 Be5 23. a4 Qb8 24. g3 Rfe8 25. Qb5 Qd6 26. a5 Qh6 27. a6 Bxg3 28. Qh5 Qxh5 29. Bxh5 Be5 30. a7 Ba8 31. Rfd1 Rd6 32. Bf3 Bxf3 33. Nxf3 Rg6+ 34. Kf1 Bxa1 35. Rxa1 Ra8 36. Rb1 Rc6 37. Nd4 Rcc8 38. Rb7 g6 39. Nb5 Rd8 40. Nc7 Rac8 41. a8=Q Rxa8 42. Nxa8 Rxa8 43. Kg2 h5 44. Rb4 Kg7 45. Rd4 Ra2 46. Rf4 Ra5 47. Rd4 g5 48. Rb4 Kg6 49. Rb6+ f6 50. Rc6 Ra4 51. Rb6 Ra5 52. Rc6 Rf5 53. Rb6 g4 54. Kg3 Rf3+ 55. Kg2 h4 56. Rb4 h3+ 57. Kg1 Kg5 58. Rb5+ Rf5 59. Rb1 Rc5 60. Rd1 Kf5 61. Rb1 Ke4 62. Rb2 Rc1# 0-1


[Site "https://www.chess.com"]

[Event "Titled Tuesday Blitz July 18 Early 2023"]
[White "Aggelis, Nikolaos"]
[Black "lgabi"]
[WhiteFideId "4213220"]
[WhiteElo "2580"]
[BlackElo "2320"]
[Result "1-0"]
[Round "6"]
[TimeControl "180+2"]
[Date "2023.07.18"]
[WhiteClock "0:00:44"]
[BlackClock "0:00:06"]
[Board "92"]

1. c4 c5 2. g3 Nc6 3. Bg2 g6 4. Nf3 Bg7 5. O-O e5 6. Nc3 Nge7 7. Rb1 O-O 8. a3 d5 9. cxd5 Nxd5 10. d3 Nxc3 11. bxc3 h6 12. Be3 Qd6 13. Rb5 b6 14. Nd2 Be6 15. a4 Rac8 16. Qc1 Kh7 17. Qa3 f5 18. Rbb1 Qd7 19. f3 f4 20. Bf2 Na5 21. Ne4 g5 22. Rb5 Rfd8 23. Nxc5 Qe7 24. Qa1 bxc5 25. Rxa5 c4 26. Rxa7 Rd7 27. Rxd7 Qxd7 28. a5 cxd3 29. exd3 Qxd3 30. a6 g4 31. fxg4 f3 32. Rd1 Qe2 33. Bf1 Qe4 34. a7 Ra8 35. Bd3 1-0


[Site "https://www.chess.com"]

[Event "Titled Tuesday Blitz July 18 Early 2023"]
[White "robertoalejandro10"]
[Black "Akhayan, Ruben"]
[BlackFideId "204439"]
[WhiteElo "2553"]
[BlackElo "2300"]
[Result "1-0"]
[Round "6"]
[TimeControl "180+2"]
[Date "2023.07.18"]
[WhiteClock "0:00:06"]
[BlackClock "0:00:18"]
[Board "93"]

1. d4 Nf6 2. Nf3 e6 3. e3 d5 4. Bd3 Bd6 5. c3 c5 6. Nbd2 Qc7 7. Qe2 O-O 8. b3 Nbd7 9. Bb2 e5 10. dxe5 Nxe5 11. Nxe5 Bxe5 12. Nf3 Bd6 13. h3 Re8 14. O-O h6 15. Qc2 Be6 16. c4 Nd7 17. Rad1 dxc4 18. Bxc4 Bxc4 19. Qxc4 Nf8 20. Qg4 Ng6 21. h4 Bf8 22. h5 Ne7 23. Rd7 Qc6 24. Rfd1 b6 25. Ne5 Qb5 26. Qf3 f6 27. Ng4 Qc6 28. e4 Qe6 29. R1d6 Qf7 30. Bxf6 Kh8 31. Nxh6 Qxf6 32. Rxf6 gxf6 33. Qxf6+ Bg7 34. Nf7+ Kg8 35. Nh6+ Kh8 36. Qg5 Nc6 37. Qxg7# 1-0


[Site "https://www.chess.com"]